 Seeded DCSS version 0.30-a0-739-gea05faddec (webtiles) character file.

Game seed: 4218672823355768592 (custom seed)

2977 timneilson the Covered (level 9, 0/82 HPs)
             Began as a Gargoyle Fighter on Feb 5, 2023.
             Was a Believer of Okawaru.
             Slain by a sky beast (1 damage)
             ... on level 8 of the Dungeon.
             The game lasted 00:13:43 (6227 turns).

timneilson the Covered (Gargoyle Fighter)           Turns: 6227, Time: 00:13:43

Health: 0/82       AC: 18    Str: 19    XL:     9   Next: 82%
Magic:  10/10      EV:  7    Int: 10    God:    Okawaru [**....]
Gold:   381        SH: 10    Dex: 13    Spells: 8/8 levels left

rFire   . . .      SeeInvis .    r - +3 demon blade (drain)
rCold   . . .      Faith    .    s - +0 kite shield
rNeg    + . .      Spirit   .    n - +0 chain mail
rPois   ∞          Reflect  .    (no helmet)
rElec   +          Harm     .    p - +0 cloak
rCorr   .          Rampage  .    (no gloves)
Will    .....                    (no boots) Stlth
                                 h - amulet of the acrobat
HPRegen 0.33/turn                (no ring)
MPRegen 0.12/turn                (no ring)

@: berserking, very quick
A: sickness immunity, AC +6, negative energy resistance 1, electricity
resistance, torment resistance 1, petrification resistance
a: Renounce Religion, Heroism


You were on level 8 of the Dungeon.
You worshipped Okawaru.
Okawaru was pleased with you.
You visited 2 branches of the dungeon, and saw 9 of its levels.

You collected 381 gold pieces.

Inventory:

Hand Weapons
 a - a +0 long sword
 r - a +3 demon blade of draining (weapon)
Missiles
 v - 2 throwing nets (quivered)
Armour
 g - a +0 plate armour
 n - a +0 chain mail (worn)
 p - a +0 cloak (worn)
 s - a +0 kite shield (worn)
Jewellery
 h - an amulet of the acrobat (around neck)
Wands
 f - a wand of flame (52)
Scrolls
 i - 7 scrolls of teleportation
 o - 3 scrolls of fear
 u - a scroll of amnesia
Potions
 d - 3 potions of might
 e - 2 potions of brilliance
 k - a potion of lignification {unknown}
 l - a potion of haste
 q - 2 potions of mutation
 t - 3 potions of flight


   Skills:
 + Level 5.9 Fighting
 * Level 6.0 Long Blades
 * Level 7.6 Armour
 + Level 3.2 Dodging
 * Level 7.4 Shields
 + Level 2.5 Invocations
 + Level 3.4 Evocations


You had 8 spell levels left.
You didn't know any spells.
Your spell library contained the following spells:

 Spells                   Type           Power      Damage    Failure   Level
 Wereblood                Tmut           0%         N/A       100%        2
 Ozocubu's Armour         Ice            0%         N/A       100%        3
 Vhi's Electric Charge    Tloc/Air       0%         N/A       100%        3
 Arcjolt                  Conj/Air       0%         1d10      100%        5
 Metabolic Englaciation   Hex/Ice        0%         N/A       100%        5
 Maxwell's Capacitive Co  Air            0%         ∞         100%        8
 Sublimation of Blood     Necr           Unusable   N/A       N/A         2
 Simulacrum               Ice/Necr       Unusable   N/A       N/A         6
 Summon Hydra             Summ           Unusable   N/A       N/A         7

Dungeon Overview and Level Annotations

Branches:
Dungeon (8/15)             Temple (1/1) D:6
   Lair: D:8-11

Altars:
Ashenzari
Cheibriados
Dithmenos
Elyvilon
Fedhas
Gozag
Hepliaklqana
Makhleb
Nemelex Xobeh
Okawaru
Qazlal
Ru
Sif Muna
Trog
Uskayaw
Vehumet
Wu Jian
Xom
Yredelemnul
Zin

Annotations:
D:5 3 runed translucent doors, timneilson's ghost, novice GrFi


Innate Abilities, Weirdness & Mutations

You are immune to sickness and miasma.
Your stone body is resilient. (AC +6)
You are immune to poison.
You resist negative energy. (rN+)
You are resistant to electric shocks. (rElec)
You are resistant to unholy torment.
You are immune to petrification.


Message History

You barely miss the two-headed ogre.
The two-headed ogre is severely wounded.
The two-headed ogre hits you with a +0 giant club!
* * * LOW HITPOINT WARNING * * *
You block the two-headed ogre's attack.
It was a potion of magic.
Magic courses through your body.
The two-headed ogre hits you with a +0 giant club.
* * * LOW HITPOINT WARNING * * *
You block the two-headed ogre's attack.
You hit the two-headed ogre.
The two-headed ogre is severely wounded.
You slice the two-headed ogre!! You drain the two-headed ogre.
You kill the two-headed ogre!
Okawaru is honoured by your kill.
Your base Dodging skill increases to level 3!
Your Invocations skill increases to level 2!
It was a potion of berserk rage.
A red film seems to cover your vision as you go berserk!
You feel yourself moving faster!
You feel mighty!
The wight hits you with a +0 short sword.
* * * LOW HITPOINT WARNING * * *
You slash the wight!
You destroy the wight!
Okawaru accepts your kill.
You feel like a meek peon again.
The bullfrog snags a nearby mouse with its tongue.
You slash the bullfrog!
The bullfrog is heavily wounded.
You block the bullfrog's attack.
You slash the bullfrog!
You kill the bullfrog!
Okawaru accepts your kill.
Your Long Blades skill increases to level 6!
You slice the orc!!
You kill the orc!
Okawaru accepts your kill.
You hit something. Something hits you.
* * * LOW HITPOINT WARNING * * *
Something shocks you. You resist.
You die...

#.....#.# ##.....#.
###.!.....
#........###
###./......<.###
#..........#....
#..>.......# #
#........).###.##..
##.##.......).@{zo....
............#####.....
#.##...#.### .#. #.#
##.####.. #.# ##.###..
#.#.##.).#.#
#.#........#
#.####.....# #.#
#....#...


You could see a wight and an orc.

Vanquished Creatures
  A two-headed ogre (D:8)
  Eustachio (D:5)
  An acid dragon (D:7)
  A water moccasin (D:5)
  2 black bears
  3 sky beasts
  An ice beast (D:5)
  2 ogres
  3 bullfrogs
  A necrophage (D:6)
  A scorpion (D:4)
  9 wights
  A howler monkey (D:6)
  2 jellies
  A hound (D:7)
  A gnoll bouda (D:6)
  Crazy Yiuf (D:5)
  2 iguanas
  Ijyb (D:5)
  3 orc wizards
  5 adders
  3 gnolls (D:6)
  3 white imps
  An ufetubus (D:5)
  2 worms
  A dart slug (D:4)
  23 orcs
  4 ball pythons
  3 bats
  7 endoplasms
  3 giant cockroaches (D:1)
  9 goblins
  8 hobgoblins
  3 jackals (D:1)
  6 kobolds
  4 quokkas
  3 frilled lizards
  5 rats
131 creatures vanquished.

Notes
Turn   | Place    | Note
-------+----------+-------------------------------------------
     0 | D:1      | timneilson the Gargoyle Fighter began the quest for the
                  | Orb.
     0 | D:1      | Reached XP level 1. HP: 14/14 MP: 1/1
   178 | D:1      | Reached XP level 2. HP: 19/19 MP: 2/2
   419 | D:1      | Reached XP level 3. HP: 19/23 MP: 3/3
  1591 | D:2      | Reached XP level 4. HP: 22/28 MP: 4/4
  1904 | D:2      | Identified a scroll of acquirement
  1904 | D:2      | Acquired a +3 demon blade of draining
  2684 | D:4      | Reached XP level 5. HP: 33/33 MP: 5/5
  2712 | D:4      | Reached skill level 1 in Dodging
  2724 | D:4      | Reached XP level 6. HP: 35/38 MP: 6/6
  2795 | D:4      | Reached skill level 1 in Evocations
  3047 | D:5      | Entered Level 5 of the Dungeon
  3047 | D:5      | Noticed Ijyb
  3107 | D:4      | Reached skill level 5 in Armour
  3107 | D:4      | Reached XP level 7. HP: 40/43 MP: 7/7
  3136 | D:5      | Killed Ijyb
  3250 | D:5      | Noticed timneilson's ghost (novice GrFi)
  3251 | D:5      | Found a runed translucent gate.
  3251 | D:5      | Found a runed translucent gate.
  3251 | D:5      | Found a runed translucent gate.
  3467 | D:5      | Reached skill level 5 in Shields
  3638 | D:5      | Found a runed translucent door.
  3639 | D:5      | Noticed Crazy Yiuf
  3646 | D:5      | Killed Crazy Yiuf
  3773 | D:5      | Found an opulent altar of Gozag.
  3783 | D:5      | Reached XP level 8. HP: 42/48 MP: 8/8
  3803 | D:5      | Noticed Eustachio
  3822 | D:5      | Killed Eustachio
  4260 | D:6      | Found a staircase to the Ecumenical Temple.
  4267 | Temple   | Entered the Ecumenical Temple
  4480 | Temple   | Became a worshipper of Warmaster Okawaru
  4537 | D:6      | Reached skill level 5 in Fighting
  5125 | D:7      | Reached skill level 5 in Long Blades
  5219 | D:7      | Identified the +7 dagger of Yvonen {drain, rN+ Will+}
  5240 | D:7      | Reached * piety under Okawaru
  5259 | D:7      | Reached skill level 1 in Invocations
  5259 | D:7      | Reached XP level 9. HP: 54/54 MP: 9/9
  6204 | D:8      | Noticed a two-headed ogre
  6219 | D:8      | HP: 2/54 [two-headed ogre/+0 giant club (4)]
  6221 | D:8      | Killed a two-headed ogre
  6221 | D:8      | Reached ** piety under Okawaru
  6227 | D:8      | HP: 1/82 [something (4)]
  6227 | D:8      | Slain by a sky beast

Illustrated notes

Levels and vault maps discovered:
D:1:      dpeg_arrival_more_subterranean_lakeside_camping, layout_basic,
          serial_curves, eino_curves_01, eino_curves_02
D:2:      layout_basic
D:3:      layout_basic, hex_medium
D:4:      layout_loops_ring, nicolae_overflow_hidden_temple
D:5:      layout_loops_ring, grunt_gozag_statues, gammafunk_ghost_nasty_kobolds,
          nrook_loot_triangle, kennysheep_generic_room_14,
          uniq_crazy_yiuf_cottage, uniq_ijyb, uniq_eustachio
D:6:      hellmonk_ruined_rings, layout_loops_ring, minmay_temple_entry_tees
D:7:      layout_basic
D:8:      nicolae_cairo_tiling, layout_loops_ring, lemuel_tele_altar
Temple:   compressed_dpeg_triangle_lava_temple

Skill      XL: |  1  2  3  4  5  6  7  8  9 |
---------------+----------------------------+-----
Long Blades    | 2 3 4 5 6 |  6.0
Armour         | 4 5 6 7 |  7.6
Shields        | 4 5 6 7 |  7.4
Fighting       | 4 5 |  5.9
Dodging        | 1 2 3 |  3.2
Evocations     | 1 2 3 |  3.4
Invocations    | 1 2 |  2.5

Action                     |  1- 3 |  4- 6 |  7- 9 || total
---------------------------+-------+-------+-------++-------
  Melee: Long sword        |   156 |     2 |       ||   158
         Demon blade       |       |    87 |   236 ||   323
 Invoke: Heroism           |       |       |     1 ||     1
    Use: Scroll            |       |    11 |     4 ||    15
         Potion            |       |     3 |     5 ||     8
 Armour: Scale mail        |    98 |    10 |       ||   108
         Chain mail        |       |    31 |   118 ||   149
  Dodge: Dodged            |    91 |    34 |    76 ||   201
  Block: Buckler           |    43 |     3 |       ||    46
         Kite shield       |       |    25 |   123 ||   148

Table legend: (Time is in decaauts)
 A = Elapsed time spent in this place.
 B = Non-inter-level travel time spent in this place.
 C = Inter-level travel time spent in this place.
 D = Time resting spent in this place.
 E = Time spent auto-exploring this place.
 F = Levels seen in this place.
 G = Mean time per level.
                   A        B        C        D        E       F      G
               +--------+--------+--------+--------+--------+-----+--------+
         Total |   6333 |   6218 |    115 |     47 |   4737 |   9 |  703.7 |
       Dungeon |   6101 |   6024 |     77 |     47 |   4556 |   8 |  762.6 |
        Temple |    232 |    194 |     38 |      0 |    181 |   1 |  232.0 |
               +--------+--------+--------+--------+--------+-----+--------+

Top non-repeatable levels by time:
     D:5: 1153 daAuts
     D:2: 1126 daAuts
     D:7: 1058 daAuts
     D:1: 853 daAuts
     D:3: 659 daAuts
     D:6: 622 daAuts
     D:4: 542 daAuts
  Temple: 232 daAuts
     D:8: 84 daAuts
